 Dungeon Crawl Stone Soup version 0.23.2-33-g5129a83 (webtiles) character file.

Game seed: 17006667161414883746

3091 Aphrodieselac the Spear-Bearer (level 9, -5/61 HPs)
             Began as a Merfolk Skald on Aug 7, 2019.
             Was a Priest of Okawaru.
             Slain by Psyche
             ... wielding a +4 dagger of distortion
              (21 damage)
             ... on level 8 of the Dungeon.
             The game lasted 00:47:35 (9742 turns).

Aphrodieselac the Spear-Bearer (Merfolk Skald)      Turns: 9742, Time: 00:47:35

Health: -5/61      AC:  9    Str: 12    XL:     9   Next: 89%
Magic:  19/21      EV: 13    Int: 14    God:    Okawaru [***...]
Gold:   420        SH:  0    Dex: 16    Spells: 1/12 levels left

rFire    . . .     SeeInvis +   D - +5 trident "Musef" {speed, *Contam rPois Dex+2}
rCold    . . .     Gourm    .   (no shield)
rNeg     . . .     Faith    .   u - +2 leather armour {rPois}
rPois    +         Spirit   .   b - +1 hat
rElec    .         Reflect  .   m - +0 cloak
rCorr    .         Harm     .   K - +0 pair of gloves
MR       .....                  x - +0 pair of boots
Stlth    +.........             (no amulet)
HPRegen  0.20/turn              C - ring of magical power
MPRegen  0.17/turn              J - ring of see invisible (curse)

@: no status effects
A: change form in water, swift swim, stealthy swim
a: Heroism, Renounce Religion


You were on level 8 of the Dungeon.
You worshipped Okawaru.
Okawaru was most pleased with you.
You were not hungry.

You visited 2 branches of the dungeon, and saw 11 of its levels.

You collected 564 gold pieces.
You spent 144 gold pieces at shops.

Inventory:

Hand Weapons
 p - a +0 trident
 q - a +0 hunting sling
 D - the +5 trident "Musef" (weapon) {speed, *Contam rPois Dex+2}
   (You found it on level 8 of the Dungeon)

   Attacks with this weapon are significantly faster.
   It affects your dexterity (+2).
   It protects you from poison.
   It causes magical contamination when unequipped.
Missiles
 f - 17 javelins (quivered)
 l - 2 throwing nets
 H - 7 needles of paralysis
 I - 21 poisoned needles
Armour
 b - a +1 hat (worn)
 m - a +0 cloak (worn)
 u - a +2 leather armour of poison resistance (worn)
 x - a +0 pair of boots (worn)
 G - a +1 ring mail of cold resistance
 K - a +0 pair of gloves (worn)
Jewellery
 r - an uncursed amulet of guardian spirit
 C - a ring of magical power (left hand)
 J - a cursed ring of see invisible (right hand)
Wands
 s - a wand of acid (3)
 t - a wand of random effects (15)
 v - a wand of enslavement (8)
Scrolls
 g - 3 scrolls of identify
 h - a scroll of fear
 j - 2 scrolls of teleportation
 w - a scroll of torment {unknown}
 y - a scroll of blinking {unknown}
 A - 2 scrolls of fog
 L - a scroll of remove curse
Potions
 a - 2 potions of agility
 c - a potion of magic
 e - 3 potions of lignification {unknown}
 i - 2 potions of heal wounds {unknown}
 k - 4 potions of curing {unknown}
 n - a potion of might
 o - a potion of ambrosia
 z - a potion of flight {unknown}
 B - a potion of degeneration {unknown}
 E - a potion of berserk rage {unknown}
 F - a potion of mutation {unknown}
Comestibles
 d - 11 rations
 M - a chunk of flesh


   Skills:
 - Level 2.1 Fighting
 + Level 13.1 Polearms
 - Level 0.6 Armour
 - Level 2.6 Dodging
 - Level 2.0 Spellcasting
 - Level 11.0 Charms


You had one spell level left.
You knew the following spells:

 Your Spells              Type           Power        Failure   Level  Hunger
a - Infusion              Chrm           ####         1%          1    ##.....
b - Song of Slaying       Chrm           ####....     1%          2    ###....
c - Shroud of Golubria    Chrm/Tloc      ###.......   4%          2    ###....
d - Spectral Weapon       Hex/Chrm       ###.....     10%         3    ####...
e - Regeneration          Chrm/Necr      ###.......   10%         3    ####...

Your spell library contained the following spells:

 Spells                   Type           Power        Failure   Level  Hunger
 Animate Skeleton         Necr           N/A          30%         1    ##.....
 Pain                     Necr           #...         30%         1    ##.....
 Vampiric Draining        Necr           #.........   65%         3    ####...
 Animate Dead             Necr           N/A          96%         4    #####..


Dungeon Overview and Level Annotations

Branches:
Dungeon (10/15)            Temple (1/1) D:5             Orc (0/2) D:9
   Lair: D:8-11

Altars:
Ashenzari
Dithmenos
Elyvilon
Fedhas
Hepliaklqana
Makhleb
Nemelex Xobeh
Okawaru
Ru
Uskayaw
Xom
Yredelemnul
Zin
The Shining One

Shops:
D:7 =

Annotations:
D:8 Maurice, Psyche
D:10 Nergalle


Message History

The puff of flame hits you!
You hit Psyche.
Psyche is moderately wounded.
Psyche points at you and mumbles some strange words.
The puff of flame hits you!
Casting: Infusion (safe; 1% risk of failure)
Confirm with . or Enter, or press ? or * to list all spells.
Space distorts slightly along a thin shroud covering your body.
Your shroud bends Psyche's attack away.
Psyche hits you with a +4 dagger of distortion.
Your shroud falls apart!
Space bends around you.
You hit Psyche.
Psyche is moderately wounded.
Psyche hits you with a +4 dagger of distortion.
* * * LOW HITPOINT WARNING * * *
Space bends around you.
* * * LOW HITPOINT WARNING * * *
Psyche hits you but does no damage. Space warps horribly around you!!
You die...

#######.......#.#.# #.#
#....##.......#.#.# #.#.... .....
#....##.........#.# #.#..........
..............#.#.# ............
.#######...##...#.# ###..........
.# ##.........# .......... ..
.##### #.###.##..# #.......# #.
.....# #.# #.##@.# #.....#.# #.
.....# #.###.##@.# #####....###.
@....# #.....##..# ............<
..≈≈.####.######..##########.####
........)#######.................
.........'.......########........
.........######### #.............
..≈......###########.###........≈
.≈≈≈.............................
.....###############.####........


You could see Psyche.

Vanquished Creatures
  Erica (D:8)
  Prince Ribbit (D:5)
  Menkaure (D:6)
  A water moccasin (D:10)
  2 sky beasts
  An ogre (D:7)
  2 bullfrogs
  2 scorpions (D:4)
  3 killer bees (D:8)
  5 wights (D:7)
  A howler monkey (D:5)
  4 jellies
  2 crimson imps (D:7)
  A centaur zombie (D:6)
  A bullfrog zombie (D:7)
  4 hounds
  An orc priest (D:9)
  7 orc wizards
  3 bullfrog skeletons
  An iguana (D:4)
  Natasha (D:2)
  4 worker ants
  A hound zombie (D:5)
  A howler monkey zombie (D:7)
  7 adders
  7 gnolls
  2 shadow imps (D:8)
  An ooze (D:1)
  2 adder zombies
  2 worms (D:3)
  2 dart slugs
  2 leopard geckos (D:1)
  22 orcs
  A ball python (D:3)
  9 bats
  5 giant cockroaches
  11 goblins
  7 hobgoblins
  15 jackals
  4 quokkas
  6 frilled lizards
  2 jackal skeletons (D:6)
  8 kobolds
  2 leopard gecko skeletons (D:4)
  2 quokka skeletons
  8 rats
178 creatures vanquished.

Vanquished Creatures (others)
  A spectral weapon (D:9)
1 creature vanquished.

Grand Total: 179 creatures vanquished

Notes
Turn   | Place    | Note
-------+----------+-------------------------------------------
     0 | D:1      | Aphrodieselac the Merfolk Skald began the quest for the
                  | Orb.
     0 | D:1      | Reached XP level 1. HP: 16/16 MP: 3/3
    51 | D:1      | Reached XP level 2. HP: 21/22 MP: 5/5
   417 | D:1      | Reached XP level 3. HP: 24/27 MP: 6/6
   525 | D:1      | Learned a level 2 spell: Song of Slaying
   528 | D:1      | Learned a level 2 spell: Shroud of Golubria
   694 | D:2      | Reached skill level 4 in Polearms
   754 | D:2      | Reached XP level 4. HP: 26/33 MP: 5/7
  1026 | D:2      | Noticed Natasha
  1034 | D:2      | Killed Natasha
  1034 | D:2      | Reached skill level 5 in Charms
  1536 | D:3      | Reached XP level 5. HP: 28/38 MP: 0/8
  1703 | D:3      | Learned a level 3 spell: Spectral Weapon
  2424 | D:3      | Reached skill level 5 in Polearms
  3248 | D:3      | Reached XP level 6. HP: 33/44 MP: 9/9
  3428 | D:5      | Entered Level 5 of the Dungeon
  3428 | D:5      | Noticed a sky beast
  3477 | D:4      | You fall through a shaft!
  3497 | D:5      | Found a staircase to the Ecumenical Temple.
  3520 | Temple   | Entered the Ecumenical Temple
  3526 | Temple   | Became a worshipper of Warmaster Okawaru
  3691 | D:5      | Noticed Prince Ribbit
  3851 | D:4      | Reached skill level 6 in Polearms
  4176 | D:4      | Reached XP level 7. HP: 50/50 MP: 5/10
  4245 | D:4      | Reached * piety under Okawaru
  4678 | D:4      | Reached skill level 7 in Polearms
  5272 | D:5      | Killed Prince Ribbit
  5272 | D:5      | Reached skill level 8 in Polearms
  5272 | D:5      | Reached XP level 8. HP: 56/56 MP: 3/11
  5280 | D:5      | Found a shattered altar of Ashenzari.
  5925 | D:6      | Reached ** piety under Okawaru
  6009 | D:6      | Noticed Menkaure
  6020 | D:6      | Killed Menkaure
  6390 | D:6      | Found a basalt altar of Yredelemnul.
  6464 | D:6      | Reached skill level 9 in Polearms
  6707 | D:7      | Reached skill level 10 in Charms
  6778 | D:7      | Found a blossoming altar of Fedhas.
  6822 | D:7      | You fall through a shaft for 2 floors!
  6877 | D:9      | Noticed a troll
  6894 | D:8      | Noticed Erica
  6964 | D:8      | Got a crude trident
  6968 | D:8      | Identified the +5 trident "Musef" {speed, *Contam rPois
                  | Dex+2} (You found it on level 8 of the Dungeon)
  7071 | D:9      | Noticed a troll
  7176 | D:9      | Found a staircase to the Orcish Mines.
  7450 | D:10     | Entered Level 10 of the Dungeon
  7497 | D:10     | Reached XP level 9. HP: 49/61 MP: 6/12
  7543 | D:10     | Learned a level 3 spell: Regeneration
  7648 | D:10     | Noticed Nergalle
  7719 | D:9      | Found a shadowy altar of Dithmenos.
  8124 | D:7      | Found Xuziad's Jewellery Boutique.
  8166 | D:7      | Reached skill level 10 in Polearms
  8536 | D:7      | Found a hazy altar of Hepliaklqana.
  8542 | D:7      | Found a glowing golden altar of the Shining One.
  9028 | D:8      | Reached skill level 11 in Polearms
  9319 | D:7      | Bought a cursed ring of see invisible for 144 gold pieces
  9381 | D:8      | Noticed Maurice
  9579 | D:8      | Killed Erica
  9579 | D:8      | Reached *** piety under Okawaru
  9579 | D:8      | Reached skill level 13 in Polearms
  9713 | D:8      | Noticed Psyche
  9742 | D:8      | Slain by Psyche

Skill      XL: |  1  2  3  4  5  6  7  8  9 |
---------------+----------------------------+-----
Charms         | 4 5 6 7 9 10 11 | 11.0
Polearms       | 4 5 6 8 9 13 | 13.1
Fighting       | |  2.1
Armour         | |  0.6
Dodging        | |  2.6
Spellcasting   | |  2.0

Action                   |  1- 3 |  4- 6 |  7- 9 || total
-------------------------+-------+-------+-------++-------
Melee: Spear             |   133 |    64 |    71 ||   268
       Trident           |       |   219 |   340 ||   559
Throw: Javelin           |       |       |     7 ||     7
 Cast: Infusion          |     4 |    11 |    24 ||    39
       Shroud of Golubri |     1 |     5 |    17 ||    23
       Song of Slaying   |       |     5 |     7 ||    12
       Spectral Weapon   |       |       |     1 ||     1
  Use: Scroll            |       |       |    16 ||    16
 Stab: Sleeping          |       |     2 |     1 ||     3
  Eat: Chunk             |       |    12 |    10 ||    22
       Ration            |       |       |     3 ||     3
Armor: Leather armour    |    28 |    39 |    81 ||   148
Dodge: Dodged            |    61 |   139 |   171 ||   371
